 Dungeon Crawl Stone Soup version 0.29-a0-323-g050149af67 (webtiles) character file.

Game seed: 9767983268967457382

2144 siradein the Cudgeller (level 9, -11/89 HPs)
             Began as a Troll Berserker on Apr 11, 2022.
             Was an Elder of Trog.
             Mangled by a hornet (14 damage)
             ... while paralysed by a hornet
             ... on level 7 of the Dungeon.
             The game lasted 00:24:22 (6015 turns).

siradein the Cudgeller (Troll Berserker)            Turns: 6015, Time: 00:24:22

Health: -11/89     AC:  8    Str: 29    XL:     9   Next: 9%
Magic:  8/8        EV:  1    Int:  5    God:    Trog [****..]
Gold:   143        SH:  0    Dex: 11    Spells: 8/8 levels left

rFire   . . .      SeeInvis .   w - +8 whip of the Shining Light {flame, rElec Will- Int+2}
rCold   . . .      Faith    .   (no shield)
rNeg    . . .      Spirit   .   b - +0 animal skin
rPois   .          Reflect  .   (helmet restricted)
rElec   +          Harm     .   (no cloak)
rCorr   .          Rampage  .   (gloves unavailable)
Will    .....                   (boots unavailable)
Stlth   +.........              (no amulet)
HPRegen 1.04/turn               r - +4 ring of protection
MPRegen 0.11/turn               v - ring of willpower

@: paralysed, lethally poisoned (-11 -> -16), slowed
A: large, unfitting armour, claws 3, regeneration 1, shaggy fur 1, tough skin 1
a: Renounce Religion, Berserk, Trog's Hand, Brothers in Arms


You were on level 7 of the Dungeon.
You worshipped Trog.
Trog was greatly pleased with you.
You visited 1 branch of the dungeon, and saw 7 of its levels.
You also visited: Sewer.

You collected 353 gold pieces.
You spent 210 gold pieces at shops.

Inventory:

Hand Weapons
 s - a +0 giant club
 w - the +8 whip of the Shining Light (weapon) {flame, rElec Will- Int+2}
   (You bought it in a shop on level 6 of the Dungeon)

   It burns those it strikes, dealing additional fire damage.
   Int:       It affects your intelligence (+2).
   rElec:     It insulates you from electricity.
   Will:      It decreases your willpower.
Armour
 b - a +0 animal skin (worn)
Jewellery
 r - a +4 ring of protection (left claw)
 v - a ring of willpower (right claw)
Wands
 q - a wand of acid (12)
Scrolls
 a - 2 scrolls of magic mapping {unknown}
 c - 2 scrolls of amnesia {unknown}
 i - 3 scrolls of enchant weapon {unknown}
 j - 6 scrolls of teleportation {unknown}
 k - a scroll of blinking {unknown}
 m - a scroll of noise {unknown}
 t - a scroll of immolation {unknown}
 u - 2 scrolls of vulnerability {unknown}
Potions
 d - 2 potions of attraction {unknown}
 e - 2 potions of berserk rage {unknown}
 f - 3 potions of flight
 g - 2 potions of heal wounds
 h - 3 potions of magic {unknown}
 l - 5 potions of curing
 o - 2 potions of brilliance {unknown}
 p - 3 potions of invisibility {unknown}


   Skills:
 + Level 5.7 Fighting
 + Level 6.3 Maces & Flails
 + Level 5.7 Dodging
 + Level 3.7 Evocations


You had 8 spell levels left.
You didn't know any spells.
Your spell library was empty.

Dungeon Overview and Level Annotations

Branches:
Dungeon (7/15)             Temple (0/1) D:5           Sewer (visited)

Altars:
Dithmenos

Shops:
D:6 (

Annotations:
D:6 2 transporters, BimmyJewtron's ghost, novice MiFi


Innate Abilities, Weirdness & Mutations

You are too large for most types of armour.
You have claws for hands.
Your natural rate of healing is unusually fast.
You are covered in fur. (AC +1)
You have tough skin. (AC +1)


Message History

You are poisoned.
You suddenly lose the ability to move!
You feel very sick. The hornet stings you!
You feel yourself slow down.
You can move again.
You miss the hornet.
You feel yourself speed up.
You feel sick. The hornet stings you.
You feel yourself slow down.
A white imp comes into view.
The hornet stings you!
You feel as though you will be slow longer.
You hit the hornet but do no damage.
You feel sick. The hornet stings you.
You are more poisoned.
You feel as though you will be slow longer.
The hornet stings you but does no damage.
The white imp gestures at you. The puff of frost hits you.
You hit the hornet. You burn the hornet.
The hornet is moderately wounded.
You feel very sick. The hornet stings you!
You feel as though you will be slow longer.
The hornet stings you!
You are more poisoned.
You shrug off the repeated paralysis!
The white imp grinds its teeth.
You feel extremely sick. The hornet stings you.
* * * LOW HITPOINT WARNING * * *
You suddenly lose the ability to move!
The white imp gestures at you. The puff of frost hits you!
* * * LOW HITPOINT WARNING * * *
The hornet stings you.
* * * LOW HITPOINT WARNING * * *
You feel as though you will be slow longer.
* * * LOW HITPOINT WARNING * * *
You feel very sick. The hornet stings you!
You die...

. # #.. ...
.##..#####.....
.......@....5..
......?y#.(....
##.#..#.. .....
........ ....
#### #.##. ...
... ). .. ...
.. . ... ..


You could see a hornet and a white imp.

Vanquished Creatures
  Sigmund (D:2)
  A wyvern (D:6)
  An orc warrior (D:6)
  A sky beast (D:6)
  3 ogres (D:5)
  A centaur (D:6)
  A phantom (D:5)
  5 kobold brigands
  A necrophage (D:3)
  2 scorpions (D:5)
  2 howler monkeys
  2 orc priests
  2 hounds
  2 iguanas
  7 orc wizards
  3 river rats
  12 adders
  2 white imps
  An ufetubus (D:6)
  6 worms
  2 dart slugs
  13 orcs
  9 endoplasms
  2 giant cockroaches
  7 hobgoblins
  5 jackals (Sewer)
  4 quokkas
  11 ball pythons
  6 bats
  6 frilled lizards
  5 goblins
  19 kobolds
  11 rats
156 creatures vanquished.

Vanquished Creatures (others)
  An orc wizard (D:5)
  13 plants (Sewer)
14 creatures vanquished.

Grand Total: 170 creatures vanquished

Notes
Turn   | Place    | Note
-------+----------+-------------------------------------------
     0 | D:1      | siradein the Troll Berserker began the quest for the Orb.
     0 | D:1      | Reached XP level 1. HP: 22/22 MP: 0/0
   385 | D:1      | Reached XP level 2. HP: 29/29 MP: 1/1
   617 | D:1      | Found a faded altar of an unknown god.
   759 | D:2      | Reached skill level 3 in Maces & Flails
   811 | D:2      | Reached XP level 3. HP: 35/36 MP: 2/2
   926 | D:2      | Noticed Sigmund
   953 | D:2      | Killed Sigmund
   954 | D:2      | Reached XP level 4. HP: 12/45 MP: 3/3
   954 | D:2      | Reached XP level 5. HP: 15/53 MP: 4/4
  1041 | D:2      | Reached skill level 4 in Maces & Flails
  1052 | D:2      | Reached ** piety under Trog
  2271 | D:3      | Reached XP level 6. HP: 41/62 MP: 5/5
  2683 | D:4      | Reached *** piety under Trog
  2799 | D:5      | Entered Level 5 of the Dungeon
  2844 | D:5      | Found a staircase to the Ecumenical Temple.
  2865 | D:5      | Reached skill level 1 in Evocations
  2875 | D:5      | Reached XP level 7. HP: 28/70 MP: 6/6
  2956 | D:5      | HP: 3/70 [poisoned by a scorpion]
  2958 | D:5      | HP: 1/70 [poisoned by a scorpion]
  3235 | D:5      | Reached skill level 5 in Maces & Flails
  3385 | D:5      | Found a glowing drain.
  3391 | Sewer    | Entered a sewer
  3514 | Sewer    | Reached XP level 8. HP: 74/79 MP: 7/7
  3524 | Sewer    | Reached **** piety under Trog
  4162 | D:5      | Reached skill level 5 in Fighting
  4162 | D:5      | Reached skill level 5 in Dodging
  4579 | D:6      | Noticed BimmyJewtron's ghost (novice MiFi)
  4582 | D:6      | Noticed a queen bee
  4623 | D:6      | Noticed a hornet
  4632 | D:6      | Found a transporter.
  4635 | D:6      | Found a transporter.
  4983 | D:6      | Reached skill level 6 in Maces & Flails
  5028 | D:6      | Reached XP level 9. HP: 74/89 MP: 8/8
  5404 | D:6      | Found a shadowy altar of Dithmenos.
  5785 | D:6      | Found Lateziz's Antique Weapon Shop.
  5788 | D:6      | Bought a masterwork whip for 210 gold pieces
  5788 | D:6      | Identified the +8 whip of the Shining Light {flame, rElec
                  | Will- Int+2} (You bought it in a shop on level 6 of the
                  | Dungeon)
  6009 | D:7      | Paralysed by a hornet for 1 turns
  6014 | D:7      | Paralysed by a hornet for 3 turns
  6015 | D:7      | HP: 3/89 [poisoned by a hornet]
  6015 | D:7      | Mangled by a hornet

Illustrated notes

Levels and vault maps discovered:
D:1:      ncdulo_wetmaze, layout_loops_ring,
          shapermc_ecumenical_altar_hornbeckon, minmay_cut_off
D:2:      layout_basic, minmay_surrounded, uniq_sigmund
D:3:      layout_basic
D:4:      layout_cave_pools
D:5:      layout_basic, minmay_temple_entry_grid, portal_sewer_entry_e
D:6:      cheibrodos_thug_alley, layout_basic, lemuel_crystal_altar,
          gammafunk_ghost_hive, serial_shops, kennysheep_mini_moat
D:7:      layout_rooms, serial_shops, shop_statue

Skill      XL: |  1  2  3  4  5  6  7  8 |
---------------+-------------------------+-----
Maces & Flails | 3 4 5 6 |  6.3
Fighting       | 3 4 5 |  5.7
Dodging        | 3 4 5 |  5.7
Evocations     | 1 2 3 |  3.7

Action                   |  1- 3 |  4- 6 |  7- 9 || total
-------------------------+-------+-------+-------++-------
Melee: Mace              |    93 |   126 |       ||   219
       Flail             |       |    43 |    31 ||    74
       Punch             |       |     2 |     1 ||     3
       Giant club        |       |       |   358 ||   358
       Whip              |       |       |     5 ||     5
Invok: Berserk           |     1 |       |     1 ||     2
       Trog's Hand       |       |       |     1 ||     1
  Use: Scroll            |       |     4 |       ||     4
 Stab: Sleeping          |       |     1 |       ||     1
Armor: Animal skin       |    41 |    85 |   321 ||   447
Dodge: Dodged            |    50 |   115 |   315 ||   480

Table legend: (Time is in decaauts)
 A = Elapsed time spent in this place.
 B = Non-inter-level travel time spent in this place.
 C = Inter-level travel time spent in this place.
 D = Time resting spent in this place.
 E = Time spent auto-exploring this place.
 F = Levels seen in this place.
 G = Mean time per level.
                   A        B        C        D        E       F      G
               +--------+--------+--------+--------+--------+-----+--------+
         Total |   6383 |   6249 |    134 |    413 |   3737 |   8 |  797.9 |
       Dungeon |   5516 |   5382 |    134 |    413 |   3144 |   7 |  788.0 |
         Sewer |    867 |    867 |      0 |      0 |    593 |   1 |  867.0 |
               +--------+--------+--------+--------+--------+-----+--------+

Top non-repeatable levels by time:
     D:6: 1434 daAuts
     D:5: 1192 daAuts
     D:2: 998 daAuts
   Sewer: 867 daAuts
     D:1: 711 daAuts
     D:3: 698 daAuts
     D:4: 466 daAuts
     D:7: 14 daAuts
